[ AOE2 MATCH · #466292392 ]
UnrankedFranks vs Maya
[ REPLAY ANALYSIS · EXTRACTED FROM THE RECORDED GAME ]
Feudal
8:25
Castle
21:03
Imperial
35:04
| APM avg | 53.6 |
| APM peak | 91 |
| eAPM avg | 27.1 |
| Villagers / military | 163 / 92 |
Focus
⚔️ 46.7% · 🌾 53.3%
Knight ×78 · Scout Cavalry ×14
Feudal
8:51
Castle
21:07
Imperial
32:14
| APM avg | 53.4 |
| APM peak | 98 |
| eAPM avg | 23.5 |
| Villagers / military | 129 / 163 |
Focus
⚔️ 40.8% · 🌾 59.2%
Archer ×162 · Monk ×1
Feudal
8:38
Castle
21:04
Imperial
—
| APM avg | 53.1 |
| APM peak | 90 |
| eAPM avg | 30.0 |
| Villagers / military | 106 / 8 |
Focus
⚔️ 30.7% · 🌾 69.3%
Unknown (1944) ×97 · Scout Cavalry ×6 · Spearman ×2
Feudal
8:26
Castle
22:39
Imperial
33:27
| APM avg | 62.4 |
| APM peak | 124 |
| eAPM avg | 21.7 |
| Villagers / military | 73 / 146 |
Focus
⚔️ 50.4% · 🌾 49.6%
Archer ×145 · Bombard Cannon ×1
Feudal
8:28
Castle
25:46
Imperial
—
| APM avg | 57.5 |
| APM peak | 98 |
| eAPM avg | 28.8 |
| Villagers / military | 53 / 99 |
Focus
⚔️ 64.3% · 🌾 35.7%
Knight ×73 · Scout Cavalry ×26
Feudal
8:32
Castle
22:19
Imperial
—
| APM avg | 80.4 |
| APM peak | 140 |
| eAPM avg | 30.0 |
| Villagers / military | 126 / 170 |
Focus
⚔️ 36.6% · 🌾 63.4%
Archer ×107 · Skirmisher ×63
Feudal
9:03
Castle
21:40
Imperial
—
| APM avg | 44.6 |
| APM peak | 91 |
| eAPM avg | 16.5 |
| Villagers / military | 90 / 83 |
Focus
⚔️ 28.8% · 🌾 71.2%
Archer ×83
Feudal
8:25
Castle
20:03
Imperial
—
| APM avg | 60.9 |
| APM peak | 110 |
| eAPM avg | 23.7 |
| Villagers / military | 72 / 41 |
Focus
⚔️ 42.5% · 🌾 57.5%
Knight ×30 · Scout Cavalry ×11
Match map
Initial resources + every placement click. Lines = walls · curves = elevation contours. ◆ gold · ⬟ stone · ● berries · ✦ relic · ◌ wall gap
Your base· ✓ Closed at 21:03 · 41t walls · no gate
Molle's base· ✓ Closed at 21:07 · 14t walls · 1 gate(s)
M A X's base· ✓ Closed at 21:04 · 47t walls · 2 gate(s)
NOC | Madtomski's base· ✓ Closed at 22:39 · 38t walls · 1 gate(s)
AkeNo's base· ✓ Closed at 25:46 · 29t walls · 1 gate(s)
DareDemon's base· ✓ Closed at 22:19 · 25t walls · 1 gate(s)
G1NCo's base· ✓ Closed at 21:40 · 36t walls · 1 gate(s)
Mango's base· ✓ Closed at 20:03 · 61t walls · 1 gate(s)
Smoothed initial terrain · ◌ = detected wall gap · hover for details
Inputs per minute
— NOC | Mr.Dobbsn - - Molle
Build order — NOC | Mr.Dobbsn
First 150 of 448 actions detected
| 0:00 | Create | Villager (Male) |
| 0:00 | Create | Villager (Male) |
| 0:01 | Create | Villager (Male) |
| 0:02 | Build | House |
| 0:03 | Build | House |
| 0:06 | Create | Villager (Male) |
| 1:28 | Create | Villager (Male) |
| 1:58 | Build | Lumber Camp |
| 2:05 | Create | Villager (Male) |
| 2:16 | Create | Villager (Male) |
| 2:16 | Create | Villager (Male) |
| 2:34 | Create | Villager (Male) |
| 2:49 | Create | Villager (Male) |
| 2:49 | Create | Villager (Male) |
| 3:27 | Research | Loom |
| 3:32 | Create | Villager (Male) |
| 3:52 | Build | House |
| 3:56 | Create | Villager (Male) |
| 4:02 | Create | Villager (Male) |
| 4:18 | Create | Villager (Male) |
| 4:18 | Create | Villager (Male) |
| 4:37 | Create | Villager (Male) |
| 4:37 | Create | Villager (Male) |
| 4:40 | Build | Mill |
| 5:18 | Create | Villager (Male) |
| 6:14 | Research | Feudal Age |
| 6:14 | Research | Feudal Age |
| 6:48 | Create | Villager (Male) |
| 7:21 | Build | Barracks |
| 7:31 | Build | House |
| 8:05 | Research | Loom |
| 8:25 | Age | Feudal Age |
| 8:27 | Build | Stable |
| 8:29 | Research | Double-Bit Axe |
| 8:42 | Create | Villager (Male) |
| 9:00 | Create | Villager (Male) |
| 9:13 | Build | Farm |
| 9:17 | Create | Scout Cavalry |
| 9:18 | Build | House |
| 9:19 | Create | Scout Cavalry |
| 9:26 | Create | Villager (Male) |
| 9:28 | Build | Farm |
| 9:34 | Create | Scout Cavalry |
| 9:48 | Create | Scout Cavalry |
| 9:52 | Build | House |
| 10:03 | Build | Farm |
| 10:06 | Create | Villager (Male) |
| 10:17 | Build | Palisade Wall |
| 10:31 | Create | Villager (Male) |
| 10:33 | Build | Farm |
| 10:42 | Create | Scout Cavalry |
| 10:47 | Build | Farm |
| 10:53 | Build | House |
| 11:00 | Create | Villager (Male) |
| 11:01 | Create | Scout Cavalry |
| 11:13 | Create | Scout Cavalry |
| 11:27 | Create | Villager (Male) |
| 11:36 | Create | Villager (Male) |
| 11:40 | Build | Blacksmith |
| 11:49 | Create | Villager (Male) |
| 11:58 | Create | Scout Cavalry |
| 12:08 | Build | Farm |
| 12:28 | Research | Scale Barding Armor |
| 12:38 | Create | Villager (Male) |
| 12:45 | Create | Villager (Male) |
| 12:47 | Build | Farm |
| 12:54 | Create | Villager (Male) |
| 12:55 | Build | Farm |
| 12:57 | Build | Farm |
| 13:05 | Create | Scout Cavalry |
| 13:15 | Create | Villager (Male) |
| 13:17 | Build | House |
| 13:30 | Build | House |
| 13:31 | Create | Villager (Male) |
| 13:33 | Build | Palisade Wall |
| 13:39 | Create | Scout Cavalry |
| 13:42 | Build | Farm |
| 14:07 | Build | House |
| 14:10 | Build | Palisade Wall |
| 14:11 | Build | Palisade Wall |
| 14:12 | Create | Villager (Male) |
| 14:20 | Create | Villager (Male) |
| 14:28 | Create | Scout Cavalry |
| 14:30 | Build | Farm |
| 14:42 | Create | Villager (Male) |
| 14:45 | Create | Scout Cavalry |
| 14:45 | Create | Scout Cavalry |
| 14:57 | Build | Farm |
| 15:06 | Build | Farm |
| 15:11 | Build | Farm |
| 15:15 | Create | Scout Cavalry |
| 15:30 | Create | Villager (Male) |
| 15:38 | Build | Mining Camp |
| 15:40 | Build | Farm |
| 15:48 | Create | Villager (Male) |
| 16:00 | Research | Wheelbarrow |
| 16:09 | Build | Palisade Wall |
| 16:16 | Build | Farm |
| 16:23 | Build | Farm |
| 16:50 | Build | Farm |
| 16:52 | Build | Farm |
| 16:53 | Build | Farm |
| 17:49 | Create | Villager (Male) |
| 17:51 | Build | Farm |
| 18:06 | Create | Villager (Male) |
| 18:23 | Research | Castle Age |
| 18:23 | Research | Castle Age |
| 18:40 | Build | Stable |
| 20:21 | Create | Villager (Male) |
| 20:41 | Research | Gold Mining |
| 21:03 | Age | Castle Age |
| 21:03 | Research | Bow Saw |
| 21:04 | Create | Knight |
| 21:04 | Create | Knight |
| 21:06 | Research | Chain Barding Armor |
| 21:07 | Create | Villager (Male) |
| 21:17 | Build | Town Center |
| 21:21 | Create | Knight |
| 21:24 | Research | Hand Cart |
| 21:24 | Create | Villager (Male) |
| 21:35 | Create | Knight |
| 21:40 | Create | Villager (Male) |
| 21:57 | Create | Knight |
| 21:59 | Create | Villager (Male) |
| 22:10 | Create | Villager (Male) |
| 22:18 | Create | Villager (Male) |
| 22:18 | Create | Knight |
| 22:27 | Build | Town Center |
| 22:28 | Create | Villager (Male) |
| 22:31 | Create | Villager (Male) |
| 22:31 | Create | Villager (Male) |
| 22:38 | Create | Villager (Male) |
| 22:42 | Create | Villager (Male) |
| 22:43 | Research | Husbandry |
| 22:44 | Research | Husbandry |
| 22:47 | Create | Villager (Male) |
| 23:01 | Create | Knight |
| 23:07 | Build | Farm |
| 23:08 | Create | Villager (Male) |
| 23:11 | Build | Farm |
| 23:12 | Build | Farm |
| 23:12 | Create | Villager (Male) |
| 23:14 | Create | Villager (Male) |
| 23:26 | Create | Villager (Male) |
| 23:26 | Create | Villager (Male) |
| 23:32 | Create | Knight |
| 23:32 | Create | Villager (Male) |
| 23:34 | Create | Villager (Male) |
| 23:38 | Build | Farm |
| 23:38 | Create | Villager (Male) |
Build order — Molle
First 150 of 376 actions detected
| 0:00 | Research | Loom |
| 0:03 | Build | House |
| 0:04 | Build | House |
| 0:15 | Create | Villager (Male) |
| 0:15 | Create | Villager (Male) |
| 0:16 | Create | Villager (Male) |
| 1:21 | Create | Villager (Male) |
| 1:55 | Create | Villager (Male) |
| 2:22 | Build | Lumber Camp |
| 2:25 | Create | Villager (Male) |
| 2:28 | Create | Villager (Male) |
| 3:11 | Create | Villager (Male) |
| 3:29 | Create | Villager (Male) |
| 3:50 | Build | House |
| 4:01 | Create | Villager (Male) |
| 4:17 | Create | Villager (Male) |
| 4:20 | Build | House |
| 4:59 | Create | Villager (Male) |
| 5:23 | Create | Villager (Male) |
| 5:30 | Build | Mining Camp |
| 5:48 | Create | Villager (Male) |
| 6:11 | Create | Villager (Male) |
| 6:41 | Research | Feudal Age |
| 7:41 | Build | Barracks |
| 8:22 | Create | Villager (Male) |
| 8:49 | Build | Palisade Wall |
| 8:51 | Age | Feudal Age |
| 8:52 | Build | House |
| 8:54 | Create | Villager (Male) |
| 8:57 | Build | Archery Range |
| 9:00 | Build | Archery Range |
| 9:20 | Create | Villager (Male) |
| 9:32 | Create | Villager (Male) |
| 9:35 | Build | Palisade Wall |
| 9:36 | Build | Palisade Wall |
| 9:47 | Build | House |
| 9:49 | Build | Blacksmith |
| 9:53 | Create | Archer |
| 9:59 | Create | Villager (Male) |
| 10:03 | Create | Archer |
| 10:22 | Create | Archer |
| 10:23 | Create | Villager (Male) |
| 10:23 | Create | Villager (Male) |
| 10:26 | Build | Palisade Wall |
| 10:27 | Build | House |
| 10:30 | Build | Palisade Wall |
| 10:37 | Build | House |
| 10:42 | Create | Archer |
| 10:53 | Create | Villager (Male) |
| 10:54 | Create | Archer |
| 11:11 | Research | Fletching |
| 11:24 | Create | Villager (Male) |
| 11:27 | Build | Mill |
| 11:37 | Create | Villager (Male) |
| 11:54 | Create | Archer |
| 11:54 | Create | Archer |
| 12:00 | Create | Villager (Male) |
| 12:08 | Create | Archer |
| 12:19 | Create | Archer |
| 12:35 | Build | Farm |
| 12:37 | Build | Farm |
| 12:42 | Create | Archer |
| 12:50 | Create | Villager (Male) |
| 12:51 | Build | Farm |
| 12:55 | Create | Archer |
| 13:08 | Create | Archer |
| 13:15 | Create | Villager (Male) |
| 13:29 | Create | Archer |
| 13:29 | Create | Villager (Male) |
| 13:44 | Create | Archer |
| 13:53 | Create | Villager (Male) |
| 13:54 | Build | Farm |
| 13:56 | Build | Farm |
| 14:00 | Build | Farm |
| 14:06 | Create | Archer |
| 14:09 | Create | Villager (Male) |
| 14:19 | Build | Farm |
| 14:27 | Create | Archer |
| 14:27 | Create | Villager (Male) |
| 14:33 | Build | House |
| 14:35 | Build | House |
| 14:48 | Create | Archer |
| 14:48 | Create | Villager (Male) |
| 14:50 | Create | Villager (Male) |
| 14:59 | Build | Palisade Gate |
| 15:00 | Build | House |
| 15:01 | Build | Palisade Wall |
| 15:12 | Create | Villager (Male) |
| 15:13 | Build | Farm |
| 15:22 | Create | Archer |
| 15:23 | Create | Villager (Male) |
| 15:35 | Create | Archer |
| 15:35 | Create | Villager (Male) |
| 15:41 | Build | Farm |
| 15:44 | Create | Villager (Male) |
| 15:48 | Build | House |
| 16:02 | Create | Archer |
| 16:03 | Create | Villager (Male) |
| 16:10 | Create | Archer |
| 16:11 | Create | Villager (Male) |
| 16:13 | Build | House |
| 16:27 | Create | Villager (Male) |
| 16:32 | Build | Farm |
| 16:40 | Create | Villager (Male) |
| 16:43 | Create | Archer |
| 16:46 | Create | Archer |
| 16:59 | Create | Archer |
| 16:59 | Create | Archer |
| 17:25 | Create | Archer |
| 17:26 | Create | Villager (Male) |
| 17:33 | Build | Farm |
| 17:54 | Create | Archer |
| 18:01 | Build | House |
| 18:02 | Build | House |
| 18:27 | Research | Castle Age |
| 18:34 | Create | Archer |
| 18:35 | Create | Villager (Male) |
| 19:05 | Create | Archer |
| 19:05 | Create | Villager (Male) |
| 19:08 | Build | Mining Camp |
| 19:16 | Create | Archer |
| 19:16 | Create | Villager (Male) |
| 19:18 | Research | Double-Bit Axe |
| 19:23 | Build | Lumber Camp |
| 19:50 | Create | Archer |
| 19:53 | Build | Farm |
| 19:54 | Build | Farm |
| 20:01 | Create | Archer |
| 20:27 | Create | Archer |
| 21:07 | Age | Castle Age |
| 21:11 | Research | Crossbowman (upgrade) |
| 21:11 | Research | Bodkin Arrow |
| 21:12 | Research | Bodkin Arrow |
| 21:24 | Create | Archer |
| 21:24 | Create | Archer |
| 21:24 | Create | Villager (Male) |
| 21:26 | Build | University |
| 21:37 | Create | Archer |
| 21:37 | Create | Villager (Male) |
| 21:52 | Create | Archer |
| 21:52 | Create | Archer |
| 21:53 | Create | Villager (Male) |
| 22:04 | Create | Archer |
| 22:17 | Research | Ballistics |
| 22:49 | Create | Villager (Male) |
| 22:50 | Build | House |
| 22:51 | Build | House |
| 22:51 | Create | Villager (Male) |
| 22:55 | Build | Farm |
| 22:55 | Build | Farm |
Build order — M A X
First 150 of 343 actions detected
| 0:00 | Create | Villager (Male) |
| 0:01 | Create | Villager (Male) |
| 0:02 | Build | House |
| 0:04 | Build | House |
| 0:22 | Create | Villager (Male) |
| 0:32 | Create | Villager (Male) |
| 1:28 | Build | Lumber Camp |
| 1:36 | Create | Villager (Male) |
| 2:00 | Create | Villager (Male) |
| 2:28 | Create | Villager (Male) |
| 2:49 | Create | Villager (Male) |
| 3:07 | Create | Villager (Male) |
| 3:24 | Build | House |
| 3:41 | Create | Villager (Male) |
| 4:05 | Build | Mill |
| 4:16 | Create | Villager (Male) |
| 4:18 | Create | Villager (Male) |
| 4:47 | Create | Villager (Male) |
| 5:25 | Create | Villager (Male) |
| 5:53 | Create | Villager (Male) |
| 6:28 | Research | Feudal Age |
| 6:55 | Build | House |
| 7:08 | Research | Loom |
| 7:24 | Build | Barracks |
| 7:29 | Create | Villager (Male) |
| 8:38 | Age | Feudal Age |
| 8:41 | Build | Stable |
| 8:42 | Research | Double-Bit Axe |
| 8:54 | Research | Horse Collar |
| 8:58 | Create | Villager (Male) |
| 9:10 | Build | Palisade Wall |
| 9:11 | Build | Palisade Wall |
| 9:30 | Build | Farm |
| 9:35 | Create | Scout Cavalry |
| 9:36 | Create | Scout Cavalry |
| 9:39 | Build | Farm |
| 9:45 | Build | House |
| 9:57 | Create | Villager (Male) |
| 10:01 | Build | Farm |
| 10:11 | Build | Farm |
| 10:17 | Create | Villager (Male) |
| 10:27 | Build | Farm |
| 10:38 | Create | Villager (Male) |
| 10:52 | Create | Scout Cavalry |
| 10:54 | Build | Farm |
| 11:13 | Build | Farm |
| 11:14 | Create | Villager (Male) |
| 11:28 | Build | House |
| 11:38 | Create | Villager (Male) |
| 11:46 | Build | Farm |
| 11:59 | Build | Palisade Wall |
| 12:04 | Build | Palisade Wall |
| 12:05 | Build | Palisade Wall |
| 12:06 | Create | Villager (Male) |
| 12:06 | Create | Villager (Male) |
| 12:19 | Create | Villager (Male) |
| 12:26 | Create | Scout Cavalry |
| 12:44 | Create | Spearman |
| 13:01 | Create | Spearman |
| 13:02 | Create | Villager (Male) |
| 13:26 | Build | House |
| 13:28 | Build | House |
| 13:51 | Create | Scout Cavalry |
| 13:55 | Build | Farm |
| 14:04 | Create | Villager (Male) |
| 14:07 | Build | Farm |
| 14:09 | Build | Farm |
| 14:13 | Build | Farm |
| 14:37 | Create | Villager (Male) |
| 14:46 | Build | Blacksmith |
| 14:52 | Build | Palisade Wall |
| 14:55 | Create | Villager (Male) |
| 15:01 | Create | Scout Cavalry |
| 15:10 | Create | Villager (Male) |
| 15:22 | Build | Palisade Gate |
| 15:24 | Build | House |
| 15:31 | Build | Palisade Wall |
| 15:33 | Research | Wheelbarrow |
| 15:36 | Build | Farm |
| 15:46 | Build | Mining Camp |
| 16:21 | Build | House |
| 16:27 | Create | Villager (Male) |
| 16:42 | Build | House |
| 16:49 | Build | Market |
| 17:04 | Create | Villager (Male) |
| 17:12 | Build | House |
| 17:13 | Build | Palisade Wall |
| 17:14 | Build | Palisade Wall |
| 17:36 | Create | Villager (Male) |
| 18:24 | Research | Castle Age |
| 18:31 | Build | Stable |
| 18:37 | Build | Palisade Gate |
| 19:13 | Research | Bloodlines |
| 19:16 | Research | Scale Barding Armor |
| 19:21 | Build | Farm |
| 19:57 | Build | Farm |
| 20:00 | Research | Gold Mining |
| 20:09 | Research | Forging |
| 21:02 | Create | Villager (Male) |
| 21:04 | Age | Castle Age |
| 21:05 | Create | Unit 1944 |
| 21:05 | Create | Unit 1944 |
| 21:09 | Build | Farm |
| 21:09 | Build | Farm |
| 21:10 | Build | Farm |
| 21:14 | Build | Town Center |
| 21:17 | Create | Unit 1944 |
| 21:18 | Create | Unit 1944 |
| 21:33 | Create | Villager (Male) |
| 21:40 | Create | Unit 1944 |
| 21:54 | Research | Chain Barding Armor |
| 21:58 | Create | Villager (Male) |
| 22:19 | Build | Farm |
| 22:23 | Create | Villager (Male) |
| 22:29 | Create | Unit 1944 |
| 22:35 | Create | Unit 1944 |
| 22:38 | Create | Villager (Male) |
| 22:56 | Create | Villager (Male) |
| 23:07 | Create | Unit 1944 |
| 23:07 | Create | Unit 1944 |
| 23:21 | Create | Unit 1944 |
| 23:21 | Create | Unit 1944 |
| 23:28 | Build | Farm |
| 23:28 | Build | Farm |
| 23:28 | Build | Farm |
| 23:28 | Build | Farm |
| 23:35 | Create | Unit 1944 |
| 23:51 | Create | Unit 1944 |
| 23:52 | Create | Villager (Male) |
| 24:03 | Build | Farm |
| 24:10 | Create | Unit 1944 |
| 24:21 | Build | Farm |
| 24:21 | Build | Farm |
| 24:21 | Build | Farm |
| 24:32 | Create | Unit 1944 |
| 24:32 | Create | Unit 1944 |
| 24:33 | Create | Villager (Male) |
| 24:33 | Create | Villager (Male) |
| 24:45 | Create | Villager (Male) |
| 24:46 | Create | Villager (Male) |
| 24:57 | Create | Unit 1944 |
| 24:57 | Create | Unit 1944 |
| 25:10 | Create | Villager (Male) |
| 25:23 | Build | House |
| 25:23 | Build | House |
| 25:24 | Build | House |
| 25:26 | Create | Villager (Male) |
| 25:33 | Create | Unit 1944 |
| 25:37 | Create | Unit 1944 |
| 25:47 | Create | Unit 1944 |
Build order — NOC | Madtomski
First 150 of 288 actions detected
| 0:01 | Create | Villager (Male) |
| 0:02 | Build | House |
| 0:02 | Create | Villager (Male) |
| 0:03 | Create | Villager (Male) |
| 0:05 | Build | House |
| 0:05 | Create | Villager (Male) |
| 1:22 | Create | Villager (Male) |
| 1:48 | Build | Lumber Camp |
| 2:00 | Create | Villager (Male) |
| 2:18 | Create | Villager (Male) |
| 2:52 | Create | Villager (Male) |
| 2:54 | Create | Villager (Male) |
| 3:25 | Build | House |
| 3:28 | Create | Villager (Male) |
| 3:55 | Create | Villager (Male) |
| 4:26 | Build | Mining Camp |
| 4:29 | Create | Villager (Male) |
| 4:50 | Create | Villager (Male) |
| 5:22 | Create | Villager (Male) |
| 5:31 | Research | Loom |
| 6:12 | Research | Feudal Age |
| 7:16 | Build | Barracks |
| 7:24 | Build | House |
| 7:47 | Create | Villager (Male) |
| 8:25 | Create | Villager (Male) |
| 8:26 | Age | Feudal Age |
| 8:28 | Build | Archery Range |
| 8:31 | Build | Archery Range |
| 8:58 | Create | Villager (Male) |
| 9:17 | Create | Archer |
| 9:20 | Build | House |
| 9:26 | Create | Archer |
| 9:45 | Create | Villager (Male) |
| 9:46 | Create | Archer |
| 9:53 | Research | Double-Bit Axe |
| 9:56 | Create | Archer |
| 10:01 | Create | Villager (Male) |
| 10:14 | Build | Blacksmith |
| 10:25 | Create | Archer |
| 10:27 | Create | Villager (Male) |
| 10:43 | Create | Villager (Male) |
| 10:57 | Create | Archer |
| 10:59 | Build | House |
| 11:08 | Create | Archer |
| 11:09 | Create | Villager (Male) |
| 11:21 | Create | Villager (Male) |
| 11:25 | Build | Palisade Wall |
| 11:26 | Build | Palisade Wall |
| 11:32 | Create | Villager (Male) |
| 11:37 | Create | Archer |
| 11:42 | Create | Archer |
| 11:45 | Build | House |
| 12:10 | Build | Mill |
| 12:14 | Research | Fletching |
| 12:25 | Create | Archer |
| 12:56 | Create | Archer |
| 13:09 | Build | Farm |
| 13:11 | Build | Farm |
| 13:17 | Build | House |
| 13:18 | Create | Villager (Male) |
| 13:19 | Create | Archer |
| 13:26 | Build | Farm |
| 13:35 | Create | Archer |
| 13:46 | Build | House |
| 13:52 | Create | Archer |
| 13:53 | Create | Villager (Male) |
| 13:55 | Build | Farm |
| 14:04 | Create | Archer |
| 14:10 | Create | Villager (Male) |
| 14:28 | Create | Archer |
| 14:30 | Build | House |
| 14:31 | Create | Villager (Male) |
| 14:33 | Build | Farm |
| 14:37 | Create | Archer |
| 15:01 | Create | Archer |
| 15:12 | Create | Villager (Male) |
| 15:15 | Build | House |
| 15:15 | Create | Villager (Male) |
| 15:17 | Build | Farm |
| 15:33 | Create | Villager (Male) |
| 15:47 | Create | Archer |
| 15:47 | Create | Villager (Male) |
| 15:49 | Create | Archer |
| 15:50 | Create | Villager (Male) |
| 15:51 | Create | Archer |
| 15:54 | Build | Farm |
| 15:59 | Build | Farm |
| 16:05 | Build | Palisade Wall |
| 16:07 | Build | Palisade Wall |
| 16:13 | Create | Archer |
| 16:13 | Create | Villager (Male) |
| 16:22 | Create | Archer |
| 16:28 | Build | Palisade Wall |
| 16:32 | Build | Palisade Wall |
| 16:36 | Create | Villager (Male) |
| 16:43 | Create | Villager (Male) |
| 16:46 | Create | Archer |
| 16:55 | Create | Archer |
| 17:04 | Build | Palisade Wall |
| 17:05 | Build | Palisade Wall |
| 17:07 | Create | Archer |
| 17:12 | Create | Archer |
| 17:33 | Create | Villager (Male) |
| 17:35 | Create | Archer |
| 17:36 | Build | Farm |
| 17:44 | Create | Archer |
| 17:54 | Create | Archer |
| 18:07 | Build | Farm |
| 18:09 | Research | Padded Archer Armor |
| 18:26 | Build | Farm |
| 18:36 | Create | Archer |
| 18:42 | Build | House |
| 18:58 | Create | Villager (Male) |
| 19:32 | Create | Archer |
| 19:32 | Create | Villager (Male) |
| 19:59 | Research | Castle Age |
| 20:03 | Build | Lumber Camp |
| 20:06 | Create | Archer |
| 20:06 | Create | Archer |
| 20:15 | Build | Palisade Gate |
| 20:16 | Build | Palisade Wall |
| 20:20 | Create | Archer |
| 20:20 | Create | Archer |
| 20:33 | Build | Archery Range |
| 20:39 | Create | Archer |
| 21:09 | Research | Gold Mining |
| 21:14 | Create | Archer |
| 21:15 | Create | Archer |
| 21:32 | Build | Mining Camp |
| 21:40 | Create | Archer |
| 21:55 | Create | Archer |
| 21:57 | Create | Archer |
| 22:18 | Create | Villager (Male) |
| 22:29 | Create | Archer |
| 22:39 | Age | Castle Age |
| 22:42 | Build | University |
| 22:44 | Build | House |
| 22:45 | Build | House |
| 22:46 | Research | Crossbowman (upgrade) |
| 22:47 | Research | Bodkin Arrow |
| 22:55 | Create | Villager (Male) |
| 23:04 | Create | Archer |
| 23:04 | Create | Archer |
| 23:20 | Research | Bow Saw |
| 23:23 | Create | Archer |
| 23:36 | Build | Farm |
| 23:37 | Create | Villager (Male) |
| 23:44 | Build | House |
| 23:45 | Build | House |
| 23:46 | Create | Archer |
Build order — AkeNo
First 150 of 240 actions detected
| 0:00 | Create | Villager (Male) |
| 0:01 | Create | Villager (Male) |
| 0:01 | Create | Villager (Male) |
| 0:02 | Build | House |
| 0:03 | Build | House |
| 0:14 | Create | Villager (Male) |
| 1:27 | Create | Villager (Male) |
| 1:46 | Build | Lumber Camp |
| 2:00 | Create | Villager (Male) |
| 2:16 | Create | Villager (Male) |
| 2:47 | Create | Villager (Male) |
| 3:05 | Create | Villager (Male) |
| 3:29 | Build | House |
| 3:43 | Create | Villager (Male) |
| 4:04 | Create | Villager (Male) |
| 4:21 | Create | Villager (Male) |
| 4:33 | Create | Villager (Male) |
| 4:38 | Create | Villager (Male) |
| 4:51 | Create | Villager (Male) |
| 4:53 | Build | Mill |
| 5:12 | Research | Loom |
| 6:18 | Research | Feudal Age |
| 7:23 | Build | Barracks |
| 7:55 | Build | House |
| 8:19 | Create | Villager (Male) |
| 8:28 | Age | Feudal Age |
| 8:32 | Build | Stable |
| 8:38 | Create | Villager (Male) |
| 8:47 | Build | House |
| 8:49 | Research | Double-Bit Axe |
| 8:50 | Research | Double-Bit Axe |
| 9:17 | Create | Villager (Male) |
| 9:18 | Create | Scout Cavalry |
| 9:28 | Build | Farm |
| 9:30 | Build | Farm |
| 9:44 | Create | Scout Cavalry |
| 9:49 | Build | Palisade Wall |
| 9:53 | Build | Palisade Wall |
| 10:02 | Build | Palisade Wall |
| 10:14 | Create | Villager (Male) |
| 10:17 | Create | Scout Cavalry |
| 10:21 | Build | Farm |
| 10:22 | Build | Farm |
| 10:24 | Build | Farm |
| 10:27 | Build | Farm |
| 10:42 | Create | Villager (Male) |
| 10:45 | Build | Farm |
| 10:55 | Create | Scout Cavalry |
| 11:11 | Create | Villager (Male) |
| 11:15 | Build | Farm |
| 11:21 | Create | Scout Cavalry |
| 11:27 | Build | Farm |
| 11:40 | Build | Farm |
| 11:43 | Build | House |
| 11:56 | Create | Villager (Male) |
| 12:15 | Create | Scout Cavalry |
| 12:53 | Build | Farm |
| 12:54 | Build | Farm |
| 12:54 | Build | Farm |
| 12:55 | Create | Scout Cavalry |
| 12:56 | Create | Villager (Male) |
| 12:56 | Create | Villager (Male) |
| 13:04 | Build | Farm |
| 13:16 | Build | House |
| 13:31 | Build | Palisade Wall |
| 13:37 | Create | Scout Cavalry |
| 13:37 | Create | Scout Cavalry |
| 13:39 | Create | Villager (Male) |
| 14:00 | Create | Scout Cavalry |
| 14:27 | Build | House |
| 14:29 | Create | Villager (Male) |
| 14:29 | Create | Villager (Male) |
| 14:34 | Build | Blacksmith |
| 14:37 | Create | Scout Cavalry |
| 14:59 | Build | Stable |
| 15:05 | Create | Scout Cavalry |
| 15:18 | Create | Villager (Male) |
| 15:20 | Create | Scout Cavalry |
| 15:53 | Create | Scout Cavalry |
| 15:54 | Create | Scout Cavalry |
| 15:56 | Build | Farm |
| 16:00 | Research | Scale Barding Armor |
| 16:26 | Create | Scout Cavalry |
| 16:26 | Create | Scout Cavalry |
| 16:27 | Create | Villager (Male) |
| 16:33 | Build | House |
| 16:34 | Build | Palisade Wall |
| 16:40 | Build | House |
| 16:55 | Create | Scout Cavalry |
| 16:56 | Create | Scout Cavalry |
| 17:24 | Build | House |
| 17:25 | Build | House |
| 17:39 | Build | Farm |
| 17:40 | Build | Farm |
| 17:41 | Build | Farm |
| 17:56 | Build | Farm |
| 18:08 | Create | Villager (Male) |
| 18:08 | Create | Villager (Male) |
| 18:25 | Build | Palisade Wall |
| 18:55 | Build | House |
| 18:57 | Build | House |
| 18:58 | Build | House |
| 19:04 | Create | Scout Cavalry |
| 19:04 | Create | Scout Cavalry |
| 19:25 | Create | Villager (Male) |
| 19:25 | Create | Villager (Male) |
| 19:29 | Build | Mining Camp |
| 19:33 | Create | Scout Cavalry |
| 19:33 | Create | Scout Cavalry |
| 19:34 | Create | Villager (Male) |
| 19:43 | Create | Villager (Male) |
| 19:57 | Build | Lumber Camp |
| 19:59 | Create | Villager (Male) |
| 20:05 | Build | Palisade Gate |
| 20:09 | Build | Palisade Wall |
| 20:18 | Build | House |
| 20:30 | Research | Wheelbarrow |
| 20:47 | Build | Farm |
| 20:52 | Create | Villager (Male) |
| 21:24 | Build | Farm |
| 21:29 | Build | Palisade Wall |
| 21:37 | Build | Blacksmith |
| 22:05 | Build | House |
| 22:25 | Build | Market |
| 22:41 | Build | House |
| 22:42 | Build | House |
| 22:42 | Build | House |
| 22:51 | Build | Palisade Wall |
| 23:06 | Research | Castle Age |
| 23:06 | Research | Castle Age |
| 23:09 | Research | Horse Collar |
| 23:25 | Build | Farm |
| 23:26 | Build | Farm |
| 23:27 | Build | Farm |
| 23:32 | Build | Farm |
| 23:45 | Research | Gold Mining |
| 23:54 | Build | Farm |
| 24:11 | Build | Farm |
| 24:20 | Create | Villager (Male) |
| 24:34 | Build | Lumber Camp |
| 25:04 | Build | Stable |
| 25:07 | Research | Bloodlines |
| 25:32 | Build | Stable |
| 25:46 | Age | Castle Age |
| 25:49 | Research | Chain Barding Armor |
| 25:52 | Create | Knight |
| 25:59 | Research | Husbandry |
| 26:04 | Build | Farm |
| 26:25 | Build | Farm |
| 26:29 | Create | Knight |
Build order — DareDemon
First 150 of 432 actions detected
| 0:00 | Create | Villager (Male) |
| 0:00 | Create | Villager (Male) |
| 0:01 | Create | Villager (Male) |
| 0:01 | Build | House |
| 0:02 | Build | House |
| 0:07 | Create | Villager (Male) |
| 1:26 | Create | Villager (Male) |
| 1:56 | Build | Lumber Camp |
| 2:00 | Create | Villager (Male) |
| 2:00 | Create | Villager (Male) |
| 2:15 | Create | Villager (Male) |
| 2:45 | Create | Villager (Male) |
| 3:06 | Create | Villager (Male) |
| 3:06 | Create | Villager (Male) |
| 3:33 | Create | Villager (Male) |
| 3:33 | Create | Villager (Male) |
| 3:42 | Create | Villager (Male) |
| 3:42 | Create | Villager (Male) |
| 3:50 | Build | House |
| 4:28 | Create | Villager (Male) |
| 4:45 | Create | Villager (Male) |
| 4:45 | Create | Villager (Male) |
| 4:45 | Create | Villager (Male) |
| 5:00 | Research | Loom |
| 5:30 | Build | Mining Camp |
| 6:22 | Research | Feudal Age |
| 7:03 | Build | House |
| 7:26 | Build | Barracks |
| 7:38 | Build | House |
| 8:21 | Create | Villager (Male) |
| 8:32 | Age | Feudal Age |
| 8:33 | Build | Archery Range |
| 8:58 | Build | Archery Range |
| 9:05 | Create | Villager (Male) |
| 9:10 | Build | Palisade Wall |
| 9:26 | Create | Archer |
| 9:44 | Create | Villager (Male) |
| 9:44 | Create | Villager (Male) |
| 9:49 | Build | House |
| 9:52 | Build | Palisade Wall |
| 9:56 | Create | Archer |
| 10:08 | Create | Archer |
| 10:15 | Create | Villager (Male) |
| 10:35 | Build | Mill |
| 10:38 | Build | Palisade Wall |
| 10:39 | Create | Archer |
| 10:48 | Create | Villager (Male) |
| 10:55 | Create | Archer |
| 10:55 | Create | Archer |
| 11:00 | Create | Archer |
| 11:21 | Create | Villager (Male) |
| 11:32 | Build | House |
| 11:33 | Build | Palisade Wall |
| 11:37 | Create | Archer |
| 11:42 | Create | Villager (Male) |
| 12:07 | Build | Blacksmith |
| 12:12 | Create | Villager (Male) |
| 12:41 | Create | Villager (Male) |
| 12:52 | Create | Archer |
| 12:52 | Create | Archer |
| 12:52 | Create | Archer |
| 13:06 | Create | Archer |
| 13:07 | Create | Villager (Male) |
| 13:10 | Build | House |
| 13:12 | Build | Palisade Wall |
| 13:18 | Create | Archer |
| 13:19 | Create | Villager (Male) |
| 13:30 | Build | Farm |
| 13:43 | Create | Villager (Male) |
| 13:45 | Create | Archer |
| 14:00 | Create | Villager (Male) |
| 14:04 | Build | Farm |
| 14:19 | Create | Archer |
| 14:35 | Research | Fletching |
| 14:35 | Research | Fletching |
| 14:36 | Create | Archer |
| 14:42 | Build | House |
| 14:45 | Build | Palisade Wall |
| 14:46 | Build | Palisade Wall |
| 14:49 | Build | House |
| 15:07 | Create | Archer |
| 15:07 | Create | Villager (Male) |
| 15:11 | Build | Farm |
| 15:41 | Create | Villager (Male) |
| 15:42 | Create | Archer |
| 15:42 | Create | Archer |
| 15:52 | Create | Archer |
| 16:01 | Create | Archer |
| 16:05 | Create | Villager (Male) |
| 16:24 | Create | Villager (Male) |
| 16:27 | Build | Farm |
| 16:32 | Build | Palisade Gate |
| 16:34 | Build | Palisade Wall |
| 16:37 | Create | Archer |
| 16:38 | Create | Villager (Male) |
| 16:48 | Create | Archer |
| 17:11 | Create | Villager (Male) |
| 17:12 | Create | Archer |
| 17:15 | Build | Farm |
| 17:34 | Create | Villager (Male) |
| 18:00 | Create | Villager (Male) |
| 18:14 | Build | Market |
| 18:17 | Create | Villager (Male) |
| 18:44 | Create | Villager (Male) |
| 19:04 | Build | House |
| 19:09 | Build | House |
| 19:39 | Research | Castle Age |
| 19:41 | Create | Archer |
| 19:41 | Create | Archer |
| 19:44 | Build | House |
| 19:52 | Build | House |
| 19:57 | Build | House |
| 20:01 | Create | Archer |
| 20:06 | Research | Double-Bit Axe |
| 20:07 | Research | Double-Bit Axe |
| 20:17 | Build | Farm |
| 20:19 | Build | House |
| 20:40 | Build | Farm |
| 20:43 | Build | Farm |
| 20:47 | Create | Archer |
| 20:47 | Create | Archer |
| 20:48 | Create | Archer |
| 20:56 | Research | Horse Collar |
| 20:56 | Research | Horse Collar |
| 21:19 | Research | Gold Mining |
| 21:21 | Create | Archer |
| 21:50 | Create | Archer |
| 21:59 | Create | Archer |
| 22:11 | Build | Lumber Camp |
| 22:19 | Age | Castle Age |
| 22:21 | Research | Crossbowman (upgrade) |
| 22:35 | Create | Villager (Male) |
| 22:58 | Build | University |
| 23:05 | Research | Bodkin Arrow |
| 23:05 | Create | Archer |
| 23:06 | Create | Villager (Male) |
| 23:13 | Build | Farm |
| 23:16 | Create | Archer |
| 23:17 | Create | Villager (Male) |
| 23:21 | Create | Archer |
| 23:27 | Create | Archer |
| 23:27 | Create | Archer |
| 23:36 | Create | Villager (Male) |
| 24:09 | Create | Villager (Male) |
| 24:17 | Research | Ballistics |
| 24:18 | Research | Ballistics |
| 24:19 | Create | Archer |
| 24:19 | Create | Archer |
| 24:20 | Create | Archer |
| 24:20 | Create | Villager (Male) |
Build order — G1NCo
First 150 of 251 actions detected
| 0:00 | Create | Villager (Male) |
| 0:00 | Create | Villager (Male) |
| 0:01 | Create | Villager (Male) |
| 0:01 | Create | Villager (Male) |
| 0:03 | Build | House |
| 0:05 | Build | House |
| 1:40 | Create | Villager (Male) |
| 1:50 | Build | Lumber Camp |
| 1:54 | Create | Villager (Male) |
| 2:21 | Create | Villager (Male) |
| 2:30 | Build | House |
| 2:45 | Create | Villager (Male) |
| 3:16 | Create | Villager (Male) |
| 3:31 | Create | Villager (Male) |
| 4:00 | Create | Villager (Male) |
| 4:21 | Create | Villager (Male) |
| 4:44 | Create | Villager (Male) |
| 5:10 | Create | Villager (Male) |
| 5:11 | Build | Mining Camp |
| 5:49 | Create | Villager (Male) |
| 6:07 | Create | Villager (Male) |
| 6:28 | Research | Loom |
| 6:29 | Research | Feudal Age |
| 7:01 | Build | Barracks |
| 7:32 | Build | House |
| 7:48 | Create | Villager (Male) |
| 8:36 | Build | Palisade Wall |
| 9:03 | Age | Feudal Age |
| 9:05 | Build | Archery Range |
| 9:08 | Build | Archery Range |
| 9:13 | Create | Villager (Male) |
| 9:23 | Build | Blacksmith |
| 9:25 | Create | Villager (Male) |
| 9:33 | Build | Palisade Gate |
| 9:36 | Create | Villager (Male) |
| 9:47 | Build | Mill |
| 9:50 | Create | Villager (Male) |
| 10:01 | Build | House |
| 10:07 | Create | Archer |
| 10:09 | Create | Archer |
| 10:10 | Create | Villager (Male) |
| 10:17 | Build | House |
| 10:22 | Create | Archer |
| 10:45 | Build | Palisade Wall |
| 10:49 | Build | House |
| 10:54 | Create | Archer |
| 11:17 | Research | Fletching |
| 11:34 | Create | Villager (Male) |
| 11:48 | Create | Archer |
| 11:56 | Create | Villager (Male) |
| 12:18 | Create | Archer |
| 12:24 | Create | Villager (Male) |
| 12:39 | Create | Archer |
| 12:48 | Build | Farm |
| 12:50 | Build | Farm |
| 12:52 | Build | Farm |
| 13:04 | Create | Villager (Male) |
| 13:15 | Create | Villager (Male) |
| 13:17 | Create | Archer |
| 13:17 | Create | Archer |
| 13:56 | Create | Villager (Male) |
| 14:00 | Create | Villager (Male) |
| 14:02 | Create | Archer |
| 14:21 | Create | Archer |
| 14:28 | Build | Farm |
| 14:30 | Build | Farm |
| 14:31 | Create | Villager (Male) |
| 14:32 | Create | Archer |
| 14:38 | Create | Villager (Male) |
| 14:47 | Build | House |
| 14:54 | Build | Palisade Wall |
| 14:57 | Build | Palisade Wall |
| 14:58 | Create | Villager (Male) |
| 14:59 | Create | Archer |
| 15:06 | Build | House |
| 15:13 | Build | House |
| 15:16 | Create | Villager (Male) |
| 15:23 | Build | Farm |
| 15:25 | Create | Archer |
| 15:49 | Create | Archer |
| 15:59 | Create | Archer |
| 16:04 | Build | Farm |
| 16:17 | Create | Archer |
| 16:22 | Create | Villager (Male) |
| 16:28 | Build | Farm |
| 16:50 | Create | Villager (Male) |
| 16:51 | Create | Archer |
| 16:57 | Build | Farm |
| 17:11 | Create | Villager (Male) |
| 17:17 | Create | Archer |
| 17:32 | Create | Archer |
| 17:48 | Create | Villager (Male) |
| 17:55 | Build | Lumber Camp |
| 17:56 | Create | Villager (Male) |
| 18:00 | Build | Palisade Wall |
| 18:03 | Create | Archer |
| 18:06 | Build | House |
| 18:12 | Build | House |
| 18:40 | Create | Villager (Male) |
| 18:42 | Create | Archer |
| 18:44 | Create | Archer |
| 19:00 | Research | Castle Age |
| 19:02 | Create | Archer |
| 19:12 | Build | Lumber Camp |
| 19:14 | Create | Archer |
| 19:18 | Build | House |
| 19:23 | Create | Archer |
| 19:47 | Research | Padded Archer Armor |
| 19:55 | Build | Market |
| 20:10 | Create | Archer |
| 20:19 | Build | Archery Range |
| 20:22 | Create | Archer |
| 20:39 | Create | Archer |
| 20:59 | Create | Archer |
| 21:02 | Create | Archer |
| 21:11 | Create | Archer |
| 21:25 | Create | Villager (Male) |
| 21:31 | Create | Archer |
| 21:40 | Age | Castle Age |
| 21:42 | Research | Bodkin Arrow |
| 21:49 | Research | Crossbowman (upgrade) |
| 22:00 | Build | University |
| 22:03 | Create | Archer |
| 22:07 | Create | Villager (Male) |
| 22:20 | Create | Villager (Male) |
| 22:39 | Create | Archer |
| 22:51 | Build | House |
| 22:53 | Create | Archer |
| 23:01 | Research | Ballistics |
| 23:04 | Create | Villager (Male) |
| 23:17 | Create | Villager (Male) |
| 23:20 | Create | Archer |
| 23:29 | Create | Archer |
| 23:30 | Create | Archer |
| 23:33 | Create | Villager (Male) |
| 23:45 | Create | Villager (Male) |
| 23:56 | Create | Archer |
| 23:56 | Create | Archer |
| 24:12 | Create | Archer |
| 24:12 | Create | Archer |
| 24:23 | Create | Villager (Male) |
| 24:25 | Create | Archer |
| 24:46 | Create | Villager (Male) |
| 24:47 | Create | Archer |
| 24:51 | Build | House |
| 24:54 | Build | House |
| 24:58 | Create | Villager (Male) |
| 24:59 | Create | Archer |
| 24:59 | Create | Archer |
| 24:59 | Create | Archer |
Build order — Mango
First 150 of 224 actions detected
| 0:00 | Create | Villager (Male) |
| 0:00 | Create | Villager (Male) |
| 0:01 | Create | Villager (Male) |
| 0:01 | Create | Villager (Male) |
| 0:02 | Build | House |
| 0:03 | Build | House |
| 1:15 | Create | Villager (Male) |
| 2:00 | Create | Villager (Male) |
| 2:06 | Create | Villager (Male) |
| 2:20 | Build | Lumber Camp |
| 2:33 | Create | Villager (Male) |
| 2:42 | Create | Villager (Male) |
| 3:13 | Create | Villager (Male) |
| 3:38 | Create | Villager (Male) |
| 3:48 | Build | House |
| 4:03 | Create | Villager (Male) |
| 4:29 | Create | Villager (Male) |
| 4:44 | Create | Villager (Male) |
| 5:09 | Build | Mill |
| 5:13 | Research | Loom |
| 5:33 | Create | Villager (Male) |
| 5:48 | Research | Loom |
| 6:10 | Research | Feudal Age |
| 7:25 | Build | House |
| 8:00 | Create | Villager (Male) |
| 8:25 | Age | Feudal Age |
| 8:26 | Build | Stable |
| 8:35 | Research | Double-Bit Axe |
| 8:42 | Research | Horse Collar |
| 8:43 | Create | Villager (Male) |
| 9:02 | Build | Palisade Wall |
| 9:06 | Create | Scout Cavalry |
| 9:06 | Create | Scout Cavalry |
| 9:07 | Create | Villager (Male) |
| 9:08 | Build | Farm |
| 9:25 | Build | House |
| 9:33 | Create | Villager (Male) |
| 9:39 | Build | Farm |
| 9:50 | Create | Scout Cavalry |
| 9:55 | Build | House |
| 10:02 | Build | Farm |
| 10:11 | Create | Villager (Male) |
| 10:15 | Build | Farm |
| 10:24 | Create | Villager (Male) |
| 10:34 | Build | Palisade Wall |
| 10:37 | Create | Scout Cavalry |
| 10:44 | Build | House |
| 10:47 | Build | Palisade Wall |
| 11:02 | Create | Villager (Male) |
| 11:04 | Build | Farm |
| 11:13 | Create | Scout Cavalry |
| 11:22 | Build | Farm |
| 11:25 | Build | House |
| 11:27 | Build | Palisade Wall |
| 11:29 | Build | Palisade Wall |
| 11:32 | Create | Villager (Male) |
| 11:38 | Build | Palisade Wall |
| 11:41 | Build | Palisade Wall |
| 11:43 | Create | Villager (Male) |
| 12:00 | Build | Farm |
| 12:05 | Build | Palisade Wall |
| 12:07 | Build | Palisade Wall |
| 12:13 | Create | Scout Cavalry |
| 12:13 | Create | Villager (Male) |
| 12:39 | Create | Villager (Male) |
| 12:41 | Build | Farm |
| 12:56 | Create | Scout Cavalry |
| 12:58 | Build | Farm |
| 13:06 | Create | Villager (Male) |
| 13:09 | Build | House |
| 13:20 | Create | Villager (Male) |
| 13:24 | Build | House |
| 13:37 | Build | House |
| 13:43 | Build | Market |
| 13:44 | Create | Villager (Male) |
| 13:49 | Create | Scout Cavalry |
| 13:54 | Build | Farm |
| 14:08 | Build | Mining Camp |
| 14:11 | Create | Villager (Male) |
| 14:22 | Create | Scout Cavalry |
| 14:28 | Create | Villager (Male) |
| 14:37 | Build | Lumber Camp |
| 15:00 | Create | Villager (Male) |
| 15:02 | Build | Farm |
| 15:03 | Build | Farm |
| 15:21 | Build | Farm |
| 15:47 | Create | Villager (Male) |
| 15:48 | Create | Villager (Male) |
| 15:51 | Build | House |
| 15:51 | Build | House |
| 16:25 | Create | Villager (Male) |
| 16:35 | Build | Blacksmith |
| 17:03 | Build | House |
| 17:05 | Build | House |
| 17:08 | Build | House |
| 17:23 | Research | Castle Age |
| 17:50 | Build | Farm |
| 17:58 | Research | Scale Barding Armor |
| 18:16 | Build | House |
| 18:18 | Build | House |
| 18:21 | Build | House |
| 18:27 | Build | House |
| 18:31 | Build | House |
| 18:36 | Build | Gate |
| 18:45 | Build | Palisade Wall |
| 18:52 | Create | Scout Cavalry |
| 18:53 | Create | Scout Cavalry |
| 19:49 | Research | Bloodlines |
| 20:00 | Build | House |
| 20:03 | Age | Castle Age |
| 20:14 | Create | Villager (Male) |
| 20:41 | Create | Villager (Male) |
| 21:05 | Create | Knight |
| 21:21 | Create | Villager (Male) |
| 21:26 | Build | Mining Camp |
| 21:30 | Create | Villager (Male) |
| 21:56 | Create | Villager (Male) |
| 21:57 | Create | Villager (Male) |
| 22:08 | Create | Villager (Male) |
| 22:11 | Build | House |
| 22:16 | Build | Farm |
| 22:18 | Build | Farm |
| 22:39 | Build | Lumber Camp |
| 23:16 | Create | Villager (Male) |
| 23:17 | Build | House |
| 23:18 | Build | House |
| 23:27 | Create | Villager (Male) |
| 23:30 | Build | Farm |
| 23:30 | Build | Farm |
| 23:30 | Build | Farm |
| 23:31 | Build | Farm |
| 23:31 | Build | Farm |
| 23:31 | Build | Farm |
| 23:59 | Create | Knight |
| 24:15 | Create | Knight |
| 24:15 | Create | Knight |
| 24:16 | Create | Villager (Male) |
| 24:33 | Create | Knight |
| 24:35 | Create | Villager (Male) |
| 24:43 | Build | Stable |
| 24:50 | Create | Villager (Male) |
| 25:09 | Build | Mining Camp |
| 25:10 | Create | Knight |
| 25:10 | Create | Villager (Male) |
| 25:26 | Research | Husbandry |
| 25:27 | Create | Villager (Male) |
| 25:33 | Research | Bow Saw |
| 25:47 | Create | Knight |
| 25:57 | Create | Knight |
| 26:03 | Build | Lumber Camp |
Match timeline
| 7:01 | G1NCo · first_building Barracks |
| 7:16 | NOC | Madtomski · first_building Barracks |
| 7:21 | NOC | Mr.Dobbsn · first_building Barracks |
| 7:23 | AkeNo · first_building Barracks |
| 7:24 | M A X · first_building Barracks |
| 7:26 | DareDemon · first_building Barracks |
| 7:41 | Molle · first_building Barracks |
| 8:25 | NOC | Mr.Dobbsn · age_up feudal |
| 8:25 | Mango · age_up feudal |
| 8:26 | NOC | Madtomski · age_up feudal |
| 8:26 | Mango · first_building Stable |
| 8:27 | NOC | Mr.Dobbsn · first_building Stable |
| 8:28 | NOC | Madtomski · first_building Archery Range |
| 8:28 | AkeNo · age_up feudal |
| 8:32 | DareDemon · age_up feudal |
| 8:32 | AkeNo · first_building Stable |
| 8:33 | DareDemon · first_building Archery Range |
| 8:36 | G1NCo · wall_segment Palisade Wall x1 |
| 8:38 | M A X · age_up feudal |
| 8:41 | M A X · first_building Stable |
| 8:49 | Molle · wall_segment Palisade Wall x1 |
| 8:51 | Molle · age_up feudal |
| 8:57 | Molle · first_building Archery Range |
| 9:02 | Mango · wall_segment Palisade Wall x8 |
| 9:03 | G1NCo · age_up feudal |
| 9:05 | G1NCo · first_building Archery Range |
| 9:10 | M A X · wall_segment Palisade Wall x2 |
| 9:10 | DareDemon · wall_segment Palisade Wall x2 |
| 9:11 | M A X · wall_segment Palisade Wall x5 |
| 9:35 | Molle · wall_segment Palisade Wall x3 |
| 9:36 | Molle · wall_segment Palisade Wall x3 |
| 9:49 | AkeNo · wall_segment Palisade Wall x4 |
| 9:52 | DareDemon · wall_segment Palisade Wall x3 |
| 9:53 | AkeNo · wall_segment Palisade Wall x1 |
| 10:02 | AkeNo · wall_segment Palisade Wall x2 |
| 10:17 | NOC | Mr.Dobbsn · wall_segment Palisade Wall x3 |
| 10:26 | Molle · wall_segment Palisade Wall x2 |
| 10:30 | Molle · wall_segment Palisade Wall x4 |
| 10:34 | Mango · wall_segment Palisade Wall x6 |
| 10:38 | DareDemon · wall_segment Palisade Wall x4 |
| 10:45 | G1NCo · wall_segment Palisade Wall x16 |
| 10:47 | Mango · wall_segment Palisade Wall x9 |
| 11:25 | NOC | Madtomski · wall_segment Palisade Wall x1 |
| 11:26 | NOC | Madtomski · wall_segment Palisade Wall x1 |
| 11:27 | Mango · wall_segment Palisade Wall x5 |
| 11:29 | Mango · wall_segment Palisade Wall x7 |
| 11:33 | DareDemon · wall_segment Palisade Wall x3 |
| 11:38 | Mango · wall_segment Palisade Wall x8 |
| 11:41 | Mango · wall_segment Palisade Wall x3 |
| 11:59 | M A X · wall_segment Palisade Wall x9 |
| 12:04 | M A X · wall_segment Palisade Wall x11 |
| 12:05 | Mango · wall_segment Palisade Wall x7 |
| 12:05 | M A X · wall_segment Palisade Wall x1 |
| 12:07 | Mango · wall_segment Palisade Wall x9 |
| 13:12 | DareDemon · wall_segment Palisade Wall x6 |
| 13:31 | AkeNo · wall_segment Palisade Wall x3 |
| 13:33 | NOC | Mr.Dobbsn · wall_segment Palisade Wall x10 |
| 14:10 | NOC | Mr.Dobbsn · wall_segment Palisade Wall x9 |
| 14:11 | NOC | Mr.Dobbsn · wall_segment Palisade Wall x8 |
| 14:45 | DareDemon · wall_segment Palisade Wall x4 |
| 14:46 | DareDemon · wall_segment Palisade Wall x3 |
| 14:52 | M A X · wall_segment Palisade Wall x1 |
| 14:54 | G1NCo · wall_segment Palisade Wall x12 |
| 14:57 | G1NCo · wall_segment Palisade Wall x6 |
| 15:01 | Molle · wall_segment Palisade Wall x1 |
| 15:31 | M A X · wall_segment Palisade Wall x16 |
| 16:05 | NOC | Madtomski · wall_segment Palisade Wall x1 |
| 16:07 | NOC | Madtomski · wall_segment Palisade Wall x5 |
| 16:09 | NOC | Mr.Dobbsn · wall_segment Palisade Wall x11 |
| 16:28 | NOC | Madtomski · wall_segment Palisade Wall x9 |
| 16:32 | NOC | Madtomski · wall_segment Palisade Wall x10 |
| 16:34 | DareDemon · wall_segment Palisade Wall x1 |
| 16:34 | AkeNo · wall_segment Palisade Wall x1 |
| 16:53 | Mango · first_market_buy 100 food |
| 17:04 | NOC | Madtomski · wall_segment Palisade Wall x7 |
| 17:05 | NOC | Madtomski · wall_segment Palisade Wall x1 |
| 17:13 | M A X · wall_segment Palisade Wall x1 |
| 17:14 | M A X · wall_segment Palisade Wall x1 |
| 17:15 | Mango · first_market_sell 100 wood |
| 18:00 | G1NCo · wall_segment Palisade Wall x1 |
| 18:05 | M A X · first_market_sell 100 wood |
| 18:12 | M A X · first_market_buy 100 food |
| 18:25 | AkeNo · wall_segment Palisade Wall x15 |
| 18:45 | Mango · wall_segment Palisade Wall x1 |
| 18:53 | DareDemon · first_market_buy 100 food |
| 18:55 | DareDemon · first_market_sell 100 wood |
| 20:03 | Mango · age_up castle |
| 20:09 | AkeNo · wall_segment Palisade Wall x1 |
| 20:16 | NOC | Madtomski · wall_segment Palisade Wall x4 |
| 21:03 | NOC | Mr.Dobbsn · age_up castle |
| 21:04 | M A X · age_up castle |
| 21:07 | Molle · age_up castle |
| 21:29 | AkeNo · wall_segment Palisade Wall x1 |
| 21:40 | G1NCo · age_up castle |
| 21:46 | G1NCo · first_market_sell 100 wood |
| 21:47 | G1NCo · first_market_buy 100 food |
| 22:19 | DareDemon · age_up castle |
| 22:39 | NOC | Madtomski · age_up castle |
| 22:51 | AkeNo · wall_segment Palisade Wall x1 |
| 24:36 | NOC | Madtomski · wall_segment Palisade Wall x2 |
| 25:34 | G1NCo · wall_segment Palisade Wall x1 |
| 25:46 | AkeNo · age_up castle |
| 25:51 | NOC | Madtomski · first_market_buy 100 wood |
| 27:15 | NOC | Mr.Dobbsn · first_market_buy 100 stone |
| 27:36 | Molle · first_building Monastery |
| 28:27 | NOC | Madtomski · first_building Siege Workshop |
| 29:40 | NOC | Mr.Dobbsn · first_building Monastery |
| 30:32 | AkeNo · first_market_buy 100 food |
| 32:14 | Molle · age_up imperial |
| 32:18 | NOC | Madtomski · first_market_sell 100 food |
| 32:26 | AkeNo · first_market_sell 500 stone |
| 33:11 | Molle · first_market_buy 100 food |
| 33:14 | Molle · first_market_sell 100 wood |
| 33:27 | NOC | Madtomski · age_up imperial |
| 34:48 | Mango · wall_segment Stone Wall x1 |
| 35:04 | NOC | Mr.Dobbsn · age_up imperial |
| 36:27 | NOC | Mr.Dobbsn · first_market_sell 100 wood |
| 36:49 | NOC | Mr.Dobbsn · wall_segment Palisade Wall x1 |
| 38:24 | DareDemon · first_building Monastery |
| 38:36 | Molle · first_building Castle |
| 38:57 | M A X · first_building Monastery |
| 40:29 | Mango · resign |
[ AI ANALYSIS · 1 CREDIT ]
What really happened in this match?
Wolo.gg analyzes every decision: build order, eco, micro, common mistakes by bracket. Personalized analysis on WhatsApp or Discord in 30 seconds.
Civ guide
Franks
Perfil
Mr.Dobbsn